 Dungeon Crawl Stone Soup version 0.21-a0-437-ge5bf024 (webtiles) character file.

110 Beatriz the Charmwright (level 4, -19/38 HPs)
             Began as a Gnoll Skald on Nov 9, 2017.
             Killed from afar by Ijyb (25 damage)
             ... with a wand of lightning (?/15)
             ... on level 3 of the Dungeon.
             The game lasted 00:04:00 (1826 turns).

Beatriz the Charmwright (Gnoll Skald)               Turns: 1826, Time: 00:04:00

Health: -19/38     AC:  3    Str: 15    XL:     4   Next: 91%
Magic:  11/11      EV: 14    Int: 15    God:
Gold:   67         SH:  0    Dex: 14    Spells: 9/13 levels left

rFire    . . .     SeeInvis .   a - +0 hand axe
rCold    . . .     Gourm    .   (no shield)
rNeg     . . .     Faith    .   b - +0 leather armour
rPois    +         Spirit   .   (no helmet)
rElec    .         Reflect  .   (no cloak)
rCorr    .         Harm     .   (no gloves)
MR       .....                  (no boots)
Stlth    +++.......             (no amulet)
HPRegen  0.12/turn              f - ring of poison resistance
MPRegen  0.12/turn              g - ring of stealth

@: no status effects
A: distributed training, fangs 1, strong nose
a: no special abilities


You were on level 3 of the Dungeon.
You were not hungry.

You visited 1 branch of the dungeon, and saw 3 of its levels.

You collected 74 gold pieces.
You donated 7 gold pieces to Zin.

Inventory:

Hand Weapons
 a - a +0 hand axe (weapon)
Armour
 b - a +0 leather armour (worn)
Jewellery
 f - a ring of poison resistance (left hand)
 g - a ring of stealth (right hand)
 i - a cursed -3 ring of dexterity {unknown}
Scrolls
 e - 2 scrolls of enchant armour {unknown}
 j - 2 scrolls of teleportation {unknown}
 o - 3 scrolls of identify {unknown}
 q - a scroll of noise {unknown}
 r - a scroll of remove curse {unknown}
Potions
 k - a potion of haste {unknown}
 p - a potion of might {unknown}
 s - a potion of invisibility {unknown}
 t - a potion of degeneration {unknown}
Books
 c - a book of Battle

   Spells                             Type                      Level
   a - Infusion                       Charms                       1
   b - Shroud of Golubria             Charms/Translocation         2
   c - Song of Slaying                Charms                       2
   d - Spectral Weapon                Hexes/Charms                 3
   e - Regeneration                   Charms/Necromancy            3
Comestibles
 d - 2 bread rations
 l - a meat ration
 m - 3 fruits


   Skills:
 + Level 4.7 Fighting
 + Level 1.2 Short Blades
 + Level 1.2 Long Blades
 + Level 4.7 Axes
 + Level 1.2 Maces & Flails
 + Level 1.2 Polearms
 + Level 1.2 Staves
 + Level 1.2 Slings
 + Level 1.2 Bows
 + Level 1.2 Crossbows
 + Level 1.2 Throwing
 + Level 2.8 Armour
 + Level 4.7 Dodging
 + Level 1.2 Stealth
 + Level 1.2 Shields
 + Level 1.2 Unarmed Combat
 + Level 5.1 Spellcasting
 + Level 1.0 Conjurations
 + Level 1.0 Hexes
 + Level 5.5 Charms
 + Level 1.0 Summonings
 + Level 1.0 Necromancy
 + Level 1.0 Translocations
 + Level 1.0 Transmutations
 + Level 1.0 Fire Magic
 + Level 1.0 Ice Magic
 + Level 1.0 Air Magic
 + Level 1.0 Earth Magic
 + Level 1.0 Poison Magic
   Level 1.4 Invocations
 + Level 1.2 Evocations


You had 9 spell levels left.
You knew the following spells:

 Your Spells              Type           Power        Failure   Level  Hunger
a - Infusion              Chrm           ###.         1%          1    None
b - Regeneration          Chrm/Necr      ##........   16%         3    ###....


Dungeon Overview and Level Annotations

Branches:
Dungeon (3/15)

Altars:
Zin

Annotations:
D:3 Ijyb


Innate Abilities, Weirdness & Mutations

Your experience applies equally to all skills.
You have very sharp teeth.
Your uncanny sense of smell can sniff out nearby items.


Message History

You hit Ijyb.
Ijyb is almost dead.
Ijyb hits you but does no damage.
You completely miss Ijyb.
Ijyb is almost dead.
Ijyb zaps a wand.
The bolt of lightning misses you.
You feel better. Ijyb barely misses you.
You hit Ijyb but do no damage. Your bite misses Ijyb.
Ijyb is almost dead.
Ijyb misses you.
You barely miss Ijyb.
Ijyb is almost dead.
Ijyb zaps a wand.
The bolt of lightning hits you!
Ouch! That really hurt!
* * * LOW HITPOINT WARNING * * *
You closely miss Ijyb.
Ijyb is almost dead.
Ijyb closely misses you.
Ijyb zaps a wand.
The bolt of lightning hits you!
Ouch! That really hurt!
You die... ########.# #.g@.<...# ########.# ∆

You could see Ijyb.

Vanquished Creatures
  Jessica (D:1)
  2 adders (D:2)
  A dart slug (D:1)
  3 leopard geckos
  5 giant cockroaches
  10 hobgoblins
  8 jackals
  A quokka (D:2)
  8 bats
  2 frilled lizards (D:1)
  4 goblins
  3 kobolds (D:1)
  9 rats
57 creatures vanquished.

Notes
Turn   | Place    | Note
-------+----------+-------------------------------------------
     0 | D:1      | Beatriz the Gnoll Skald began the quest for the Orb.
     0 | D:1      | Reached XP level 1. HP: 20/20 MP: 6/6
   123 | D:1      | Reached XP level 2. HP: 9/26 MP: 7/7
   624 | D:1      | Reached XP level 3. HP: 19/31 MP: 9/9
   627 | D:1      | Reached skill level 5 in Spellcasting
  1138 | D:2      | Noticed Jessica
  1154 | D:1      | Killed Jessica
  1154 | D:1      | Reached skill level 1 in Short Blades
  1154 | D:1      | Reached skill level 1 in Long Blades
  1154 | D:1      | Reached skill level 1 in Maces & Flails
  1154 | D:1      | Reached skill level 1 in Polearms
  1154 | D:1      | Reached skill level 1 in Staves
  1154 | D:1      | Reached skill level 1 in Slings
  1154 | D:1      | Reached skill level 1 in Bows
  1154 | D:1      | Reached skill level 1 in Crossbows
  1154 | D:1      | Reached skill level 1 in Throwing
  1154 | D:1      | Reached skill level 1 in Stealth
  1154 | D:1      | Reached skill level 1 in Shields
  1154 | D:1      | Reached skill level 1 in Unarmed Combat
  1154 | D:1      | Reached skill level 1 in Invocations
  1154 | D:1      | Reached skill level 1 in Evocations
  1154 | D:1      | Reached XP level 4. HP: 14/38 MP: 7/11
  1185 | D:1      | Learned a level 3 spell: Regeneration
  1422 | D:2      | Reached skill level 1 in Conjurations
  1422 | D:2      | Reached skill level 1 in Hexes
  1422 | D:2      | Reached skill level 1 in Summonings
  1422 | D:2      | Reached skill level 1 in Necromancy
  1422 | D:2      | Reached skill level 1 in Translocations
  1422 | D:2      | Reached skill level 1 in Transmutations
  1422 | D:2      | Reached skill level 1 in Fire Magic
  1422 | D:2      | Reached skill level 1 in Ice Magic
  1422 | D:2      | Reached skill level 1 in Air Magic
  1422 | D:2      | Reached skill level 1 in Earth Magic
  1422 | D:2      | Reached skill level 1 in Poison Magic
  1509 | D:2      | Found a faded altar of an unknown god.
  1784 | D:2      | Became a worshipper of Zin the Law-Giver
  1784 | D:2      | Reached * piety under Zin
  1788 | D:2      | Fell from the grace of Zin
  1803 | D:3      | Noticed Ijyb
  1826 | D:3      | Killed from afar by Ijyb

Vault maps used:
D:1:      enne_arrival_octagon_isle
D:2:      chequers_ecumenical_altar_twisty, first_bread, uniq_jessica
D:3:      minmay_misc_feat_roman, uniq_sigmund, uniq_ijyb

Skill      XL: |  1  2  3  4 |
---------------+-------------+-----
Spellcasting   | 5 |  5.1
Short Blades   | 1 |  1.2
Long Blades    | 1 |  1.2
Maces & Flails | 1 |  1.2
Polearms       | 1 |  1.2
Staves         | 1 |  1.2
Slings         | 1 |  1.2
Bows           | 1 |  1.2
Crossbows      | 1 |  1.2
Throwing       | 1 |  1.2
Stealth        | 1 |  1.2
Shields        | 1 |  1.2
Unarmed Combat | 1 |  1.2
Invocations    | 1 |  1.4
Evocations     | 1 |  1.2
Conjurations   | 1 |  1.0
Hexes          | 1 |  1.0
Summonings     | 1 |  1.0
Necromancy     | 1 |  1.0
Translocations | 1 |  1.0
Transmutations | 1 |  1.0
Fire Magic     | 1 |  1.0
Ice Magic      | 1 |  1.0
Air Magic      | 1 |  1.0
Earth Magic    | 1 |  1.0
Poison Magic   | 1 |  1.0
Fighting       | |  4.7
Axes           | |  4.7
Armour         | |  2.8
Dodging        | |  4.7
Charms         | |  5.5

Action                   |  1- 3 |  4- 6 || total
-------------------------+-------+-------++-------
Melee: Hand axe          |    99 |    71 ||   170
       Bite              |     8 |     9 ||    17
       Punch             |     1 |       ||     1
 Cast: Infusion          |     1 |     1 ||     2
       Regeneration      |       |     1 ||     1
Invok: Renounce Religion |       |     1 ||     1
  Use: Potion            |       |     3 ||     3
 Stab: Sleeping          |       |     1 ||     1
  Eat: Chunk             |     1 |     2 ||     3
Armor: Leather armour    |    23 |    34 ||    57
Dodge: Dodged            |    75 |    95 ||   170

Table legend:
 A = Spawn XP
 B = Non-spawn XP
 C = Spawn XP percentage of total XP
 D = Spawn monster count
 E = Non-spawn monster count
 F = Spawn count percentage of total count
 G = Total turns spent on level
                    A         B        C        D         E        F      G
               +---------+---------+-------+---------+---------+-------+---------
         Total |       0 |     158 |   0.0 |       0 |      57 |   0.0 |  1826
               +---------+---------+-------+---------+---------+-------+---------
           D:1 |       0 |      92 |   0.0 |       0 |      33 |   0.0 |  1353
           D:2 |       0 |      66 |   0.0 |       0 |      24 |   0.0 |   450
               +---------+---------+-------+---------+---------+-------+---------
